 Dungeon Crawl Stone Soup version 0.27.1-1-g398f81649c (webtiles) character file.

Game seed: 9595090089352153271

42 acemry the Insei (level 3, -5/23 HPs)
             Began as an Octopode Transmuter on Sept 7, 2021.
             Slain by Robin (6 damage)
             ... on level 2 of the Dungeon.
             The game lasted 00:02:28 (1470 turns).

acemry the Insei (Octopode Transmuter)              Turns: 1470, Time: 00:02:29

Health: -5/23      AC:  1    Str:  9    XL:     3   Next: 56%
Magic:  6/6        EV: 13    Int: 16    God:
Gold:   26         SH:  0    Dex: 12    Spells: 5/6 levels left

rFire    . . .     SeeInvis .     - Unarmed
rCold    . . .     Faith    .   (no shield)
rNeg     . . .     Spirit   .   (helmet currently unavailable)
rPois    .         Reflect  .   b - amulet of the acrobat
rElec    .         Harm     .   (no ring)
rCorr    .         Rampage  .   (no ring)
Will     .....                  (no ring)
Stlth    +++.......             (no ring)
HPRegen  0.07/turn              (no ring)
MPRegen  0.10/turn              (no ring)
                                (no ring)
                                (no ring)

@: appendages (expiring)
A: tentacle spike 3, almost no armour, amphibious, 8 rings, camouflage 1,
gelatinous body 1, (nimble swimmer 1), tentacles
a: End Transformation


You were on level 2 of the Dungeon.
One of your tentacles had grown a beastly spike.
You visited 1 branch of the dungeon, and saw 2 of its levels.

You collected 26 gold pieces.

Inventory:

Jewellery
 b - an amulet of the acrobat (around mantle)


   Skills:
 - Level 1.0 Fighting
 - Level 2.0 Dodging
 + Level 1.3 Stealth
 + Level 3.8 Unarmed Combat
 - Level 2.0 Spellcasting
 + Level 2.7 Transmutations


You had 5 spell levels left.
You knew the following spells:

 Your Spells              Type           Power      Damage    Failure   Level
a - Beastly Appendage     Tmut           20%        N/A       7%          1

Your spell library contained the following spells:

 Spells                   Type           Power      Damage    Failure   Level
 Wereblood                Tmut           10%        N/A       11%         2
 Spider Form              Tmut/Pois      2%         N/A       34%         3
 Ice Form                 Ice/Tmut       5%         N/A       75%         4


Dungeon Overview and Level Annotations

Branches:
Dungeon (2/15)

Altars:

Annotations:
D:2 Robin


Innate Abilities, Weirdness & Mutations

One of your tentacles has grown a beastly spike.
You cannot wear most types of armour.
You are amphibious.
You can wear up to eight rings at the same time.
Your skin changes colour to match your surroundings (Stealth+).
Your rubbery body absorbs attacks. (AC +1, EV +1)
((You are camouflaged near water. (Stealth+)))
You have tentacles for arms and can constrict up to eight enemies at once.


Message History

The goblins go into a battle-frenzy!
Things that are here:
a +0 club; a +0 dagger; a goblin corpse
Items here: ))) †††.
Your tentacle spike disappears.
One of your tentacles grows a vicious spike.
Items here: ))) †††.
You tentacle-slap the goblin. Your grab misses the goblin.
Your squeeze misses the goblin.
The goblin is moderately wounded.
The goblin hits you with a +0 dagger.
You tentacle-slap the goblin.
You kill the goblin!
You tentacle-slap the goblin.
You kill the goblin!
The goblin shouts!
Items here: )))) ††.
You tentacle-slap the hobgoblin but do no damage.
You grab the hobgoblin.
Your transformation is almost over.
You constrict the hobgoblin.
The hobgoblin struggles to escape constriction.
You tentacle-slap the hobgoblin.
You kill the hobgoblin!
You closely miss Robin. Your grab misses Robin. Robin throws the goblin at you!
You barely miss Robin. You grab Robin.
You pierce Robin.
Robin is lightly wounded.
You constrict Robin. The goblin hits you with a +0 club.
Robin hits you with a +0 mace.
* * * LOW HITPOINT WARNING * * *
You tentacle-slap Robin.
Robin is heavily wounded.
You constrict Robin. The goblin closely misses you.
Robin hits you with a +0 mace.
* * * LOW HITPOINT WARNING * * *
Unknown command.
You barely miss the goblin. Your grab misses the goblin.
Your tentacle spike misses the goblin.
You constrict Robin, but do no damage. The goblin closely misses you.
Robin hits you with a +0 mace.
You die...

#...†........
#.........#
#....g....#
###......g..#
............#
##..........#
#..........######
#..........)..g)#
#..........####@#
#..........# #g#
#..........# #.#
##..........# #.#
............# #.#
############# #..
###


You could see Robin and a goblin (strong).

Vanquished Creatures
  3 endoplasms (D:1)
  2 giant cockroaches (D:1)
  11 goblins
  6 hobgoblins
  4 kobolds (D:1)
  A quokka (D:1)
  A ball python (D:1)
  3 bats
  2 frilled lizards (D:1)
  2 rats (D:1)
35 creatures vanquished.

Notes
Turn   | Place    | Note
-------+----------+-------------------------------------------
     0 | D:1      | acemry the Octopode Transmuter began the quest for the Orb.
     0 | D:1      | Reached XP level 1. HP: 13/13 MP: 3/3
   125 | D:1      | Reached XP level 2. HP: 12/18 MP: 3/5
   768 | D:1      | Found a faded altar of an unknown god.
  1114 | D:1      | Reached XP level 3. HP: 17/23 MP: 4/6
  1410 | D:2      | Noticed Robin
  1435 | D:2      | Reached skill level 1 in Stealth
  1469 | D:2      | HP: 1/23 [Robin (5)]
  1470 | D:2      | Slain by Robin

Illustrated notes

Levels and vault maps discovered:
D:1:      lightli_arrival_statuegarden, layout_loops_corners,
          hellmonk_ecumenical_altar_heavens_door
D:2:      layout_basic, uniq_robin

Skill      XL: |  1  2  3 |
---------------+----------+-----
Stealth        | 1 |  1.3
Fighting       | |  1.0
Dodging        | |  2.0
Unarmed Combat | |  3.8
Spellcasting   | |  2.0
Transmutations | |  2.7

Action                   || total
-------------------------++-------
Melee: Unarmed           ||    78
       Constrict         ||    15
       Kick              ||    17
       Tentacles         ||     8
       Punch             ||     2
 Cast: Beastly Appendage ||    25
  Use: Scroll            ||     7
       Potion            ||     1
 Stab: Sleeping          ||     5
Armor: Skin              ||     4
Dodge: Dodged            ||    50
